Map: Oxide LE

Players

DPGRogue (Rogue) - Winner!

  • Race: Zerg Zerg
  • Spawn Location: 1:00

DPGCure (Cure)

  • Race: Terran Terran
  • League: Master
  • Spawn Location: 7:00

Event: StayAtHome Story Cup #3

VOD

Have the link to the VOD?

Description

Time

  • Played on: March 13, 2021, 8:21 a.m.
  • Length: 10:57

All games in this series

Show
View Real Time Build Order
Export as new Build Order

DPGRogue Zerg - Winner!

Build Orders: Pool First 

Get SALT Encoding   

  12  0:00  Drone  
  13  0:12  Overlord  
  13  0:17  Drone  
  14  0:31  Drone x2  
  16  0:40  Spawning Pool  
  15  0:43  Drone  
  15  0:47  Drone  
  17  1:08  Hatchery  
  16  1:11  Drone  
  17  1:25  Extractor  
  17  1:26  Queen  
  17  1:27  Drone  
  17  1:28  Drone  
  17  1:31  Drone  
  21  1:39  Drone  
  22  1:50  Overlord  
  22  2:04  Hatchery  
  22  2:05  Drone  
  22  2:12  Drone  
  23  2:16  Queen  
  23  2:22  Zergling x2  
  26  2:23  Drone  
  27  2:31  Metabolic Boost  
  27  2:35  Drone  
  27  2:36  Drone  
  29  2:40  Drone  
  29  2:44  Spore Crawler  
  29  2:47  Drone x2  
  29  2:48  Drone  
  32  2:56  Queen  
  34  3:01  Overlord  
  34  3:03  Drone  
  36  3:05  Drone  
  36  3:15  Queen  
  36  3:16  Drone x2  
  36  3:19  Drone x2  
  42  3:25  Drone  
  42  3:26  Drone x2  
  45  3:30  Queen  
  47  3:34  Overlord  
  47  3:36  Drone  
  47  3:41  Queen  
  48  3:45  Overlord  
  50  3:53  Zergling x10  
  55  4:01  Drone  
  58  4:03  Overlord  
  58  4:05  Drone x3  
  58  4:08  Drone  
  62  4:12  Drone x3  
  62  4:13  Drone  
  66  4:17  Overlord  
  66  4:23  Overlord  
  64  4:27  Drone x2, Overlord  
  66  4:34  Overlord  
  66  4:35  Lair  
  66  4:37  Drone x4  
  70  4:41  Drone x2  
  70  4:43  Extractor  
  70  4:44  Extractor  
  70  4:45  Extractor  
  69  4:46  Drone x2  
  69  4:50  Drone x2  
  73  4:55  Drone  
  73  4:57  Drone  
  73  4:58  Drone x3  
  78  5:00  Drone  
  78  5:01  Extractor  
  78  5:02  Extractor  
  78  5:05  Drone x3  
  78  5:06  Evolution Chamber  
  80  5:07  Drone, Evolution Chamber  
  80  5:11  Drone x2  
  80  5:12  Roach Warren  
  80  5:14  Overlord  
  80  5:16  Drone x2  
  82  5:23  Drone  
  82  5:24  Drone x2  
  82  5:26  Hatchery  
  84  5:31  Overlord  
  84  5:35  Zerg Missile Weapons Level 1, Zerg Ground Armor Level 1, Overlord  
  84  5:42  Overlord  
  83  5:43  Overlord  
  80  5:53  Glial Reconstitution  
  80  5:55  Roach x8  
  80  5:56  Roach  
  97  5:58  Roach  
  97  6:00  Roach  
  97  6:04  Roach x2  
  105  6:06  Roach  
  105  6:08  Roach x2  
  105  6:10  Roach  
  113  6:14  Roach  
  113  6:18  Roach x2  
  119  6:25  Roach x2  
  123  6:26  Roach x4  
  123  6:32  Ravager x3  
  135  6:33  Ravager, Overlord x3  
  135  6:36  Overlord  
  135  6:42  Overlord  
  137  6:47  Roach x4  
  137  6:53  Roach  
  137  6:54  Roach x5  
  154  6:56  Overlord  
  154  6:58  Overseer  
  154  7:06  Roach x4  
  160  7:10  Ravager  
  160  7:11  Zergling x10  
  160  7:14  Ravager x2  
  160  7:15  Ravager  
  169  7:17  Zergling x4  
  169  7:18  Zergling x4  
  169  7:21  Zergling x4  
  169  7:22  Zergling x2  
  176  7:28  Ravager  
  176  7:29  Zergling x2, Ravager x2  
  181  7:30  Zergling x12  
  181  7:31  Zergling x2  
  181  7:34  Ravager  
  188  7:37  Zergling x4  
  188  7:42  Zergling x2  
  190  7:46  Roach  
  190  7:48  Zergling x2  
  190  7:49  Zergling x2  
  182  7:51  Zergling x2  
  182  7:56  Roach  
  182  7:57  Roach x8  
  182  7:58  Zergling x2  
  186  8:01  Zergling x2  
  186  8:03  Overlord  
  176  8:07  Overlord x2  
  176  8:09  Overseer x2  
  176  8:11  Zerg Ground Armor Level 2  
  175  8:13  Drone x3  
  175  8:14  Drone x2  
  176  8:25  Zergling x18  
  177  8:31  Ravager  
  177  8:32  Extractor, Ravager x4  
  181  8:37  Pneumatized Carapace  
  181  8:40  Roach  
  181  8:41  Roach x3  
  189  8:42  Zergling x8  
  193  8:50  Spore Crawler  
  193  8:55  Roach x2  
  193  8:57  Zergling x2  
  193  8:58  Zergling x2  
  184  9:03  Ravager x2, Zergling x12  
  184  9:06  Zergling x2  
  150  9:18  Roach x2  
  150  9:19  Roach  
  150  9:20  Roach x3  
  136  9:26  Roach x7  
  136  9:27  Roach  
  144  9:33  Roach x4  
  151  9:41  Roach x5  
  151  9:43  Roach  
  151  9:45  Roach  
  164  9:46  Ravager x2  
  164  9:47  Ravager  
  164  9:51  Roach x3  
  173  9:53  Roach  
  173  9:54  Roach  
  173  9:59  Roach  
  168  10:03  Roach x4  
  168  10:04  Roach  
  168  10:05  Drone  
  168  10:07  Drone  
  174  10:11  Ravager, Roach  
  174  10:12  Zergling x2, Roach x2  
  174  10:13  Zergling x2  
  180  10:17  Overseer x2  
  180  10:18  Zergling x6  
  180  10:21  Zergling x4, Ravager  
  185  10:28  Zergling x12  
  187  10:31  Ravager x3  
  187  10:34  Zergling x2  
  196  10:36  Zergling x6  
Show
View Real Time Build Order
Export as new Build Order

DPGCure Terran 

Build Orders: Reaper Expand 

Get SALT Encoding   

  12  0:00  SCV  
  13  0:12  SCV  
  14  0:17  Supply Depot  
  14  0:24  SCV  
  15  0:38  SCV  
  15  0:40  Barracks  
  15  0:42  Refinery  
  16  0:50  SCV  
  17  1:02  SCV  
  18  1:15  SCV  
  19  1:26  Reaper  
  19  1:27  Orbital Command  
  20  1:40  Command Center  
  20  1:49  Supply Depot  
  20  1:52  SCV  
  21  1:58  Marine  
  22  2:04  SCV  
  22  2:06  Factory  
  23  2:17  SCV  
  23  2:20  Barracks Reactor  
  24  2:29  SCV  
  25  2:41  SCV  
  26  2:48  Command Center  
  26  2:53  Orbital Command, SCV  
  27  3:01  Hellion x2  
  31  3:05  SCV  
  31  3:06  Marine  
  33  3:13  Refinery  
  33  3:18  SCV x2  
  35  3:23  Hellion x2  
  35  3:25  Barracks Tech Lab  
  39  3:30  SCV x2  
  41  3:42  SCV  
  41  3:43  SCV  
  41  3:45  Marine  
  41  3:46  Stimpack  
  44  3:54  SCV, Barracks  
  44  3:55  SCV  
  46  3:56  Factory Reactor  
  46  4:00  Barracks  
  46  4:02  Orbital Command  
  46  4:03  Marine  
  46  4:06  SCV  
  46  4:07  SCV  
  49  4:12  Supply Depot  
  49  4:18  SCV  
  49  4:19  SCV  
  49  4:21  Marine  
  52  4:27  Orbital Command, Supply Depot  
  52  4:30  SCV  
  52  4:31  SCV  
  54  4:34  Refinery  
  54  4:35  Starport  
  54  4:39  Marine  
  54  4:42  Refinery, SCV  
  54  4:43  SCV, Marine x2  
  54  4:45  Factory Reactor  
  59  4:50  Engineering Bay x2  
  59  4:52  Supply Depot  
  59  4:54  SCV  
  59  4:55  SCV  
  59  4:57  Marine  
  59  4:58  Marine x2  
  59  4:59  SCV  
  65  5:02  Marine x2  
  65  5:06  SCV  
  68  5:07  SCV  
  68  5:11  SCV  
  70  5:14  Supply Depot  
  70  5:19  SCV x2  
  70  5:20  Terran Infantry Armor Level 1, Terran Infantry Weapons Level 1  
  72  5:22  Marine x2  
  72  5:23  Marine x3  
  72  5:26  Medivac  
  72  5:27  Medivac  
  81  5:29  Factory Reactor, Combat Shield  
  81  5:33  Supply Depot  
  81  5:35  SCV x2  
  83  5:43  SCV  
  83  5:46  Marine x4  
  83  5:47  SCV x2  
  90  5:51  Marine  
  91  6:01  Barracks  
  91  6:02  Barracks  
  91  6:04  Marine  
  91  6:06  Marine x3, Supply Depot  
  91  6:07  Supply Depot  
  91  6:08  Marine  
  91  6:09  SCV x2  
  98  6:13  SCV  
  98  6:16  Medivac  
  99  6:20  Medivac  
  101  6:27  SCV  
  101  6:28  Supply Depot x2  
  101  6:30  Marine x4  
  101  6:31  Marauder  
  108  6:33  SCV  
  108  6:34  SCV  
  108  6:39  SCV  
  110  6:40  Factory Tech Lab  
  110  6:48  Concussive Shells  
  110  6:51  SCV x3  
  110  6:53  Barracks Tech Lab x2  
  110  6:54  Marauder, Marine x4  
  119  7:01  Supply Depot x2  
  119  7:03  Armory  
  119  7:04  Siege Tank  
  119  7:05  Medivac  
  119  7:06  Bunker  
  119  7:07  Medivac  
  123  7:08  Bunker  
  123  7:13  Marine x2  
  123  7:14  Marauder x2, Marine x2  
  129  7:26  Marauder  
  129  7:30  Supply Depot  
  129  7:31  Marine x4  
  129  7:35  Marauder, Medivac  
  129  7:36  Marauder, Siege Tank  
  139  7:37  Medivac  
  139  7:50  Marauder, Marine x4  
  124  7:57  Marauder, Marine  
  110  8:05  Medivac  
  105  8:07  Marine x2  
  105  8:08  Marine x2, Siege Tank  
  105  8:12  Marauder  
  112  8:15  Marauder  
  112  8:18  Marauder  
  109  8:25  Marine x4  
  112  8:34  Supply Depot  
  112  8:36  Supply Depot  
  112  8:38  Supply Depot  
  112  8:40  Supply Depot  
  112  8:51  Supply Depot  
  112  8:56  Supply Depot  
  112  8:57  Marine x2, Medivac  
  112  8:58  Marauder x2  
  112  8:59  Siege Tank  
  112  9:01  Marine x2  
  112  9:02  Marine  
  111  9:15  Marine  
  111  9:16  Marauder  
  93  9:19  Marine x4  
  93  9:20  Marine  
  93  9:21  Medivac  
  75  9:29  Medivac  
  73  9:33  Marine  
  73  9:34  SCV x2  
  73  9:37  Marauder, Marine  
  76  9:46  SCV  
  76  9:47  SCV  
  78  9:52  Marine  
  78  9:53  Marauder, Marine  
  78  9:59  SCV x2, Marine  
  80  10:11  SCV x2  
  79  10:14  Marauder x2, Marine  
  79  10:16  Marine x2  
  79  10:17  Marauder, Marine  
  89  10:23  SCV  
  90  10:32  Marine  
  90  10:34  Marine x2  
  90  10:35  Marine x2  
  97  10:37  Marine  
Tags
 
Add a new tag
Caveats
  • Supply blocks, unpowered buildings, or Contaminate may cause inaccurate times.
  • Supply counts are checked every 10 seconds.